 Dungeon Crawl Stone Soup version 0.31-a0-214-gb37851d (webtiles) character file.

Game seed: 7739694310913051824

62 lyrin the Shooter (level 3, -5/30 HPs)
             Began as a Deep Elf Hexslinger on July 1, 2023.
             Slain by a lemure (7 damage)
             ... led by Pikel
             ... on level 4 of the Dungeon.
             The game lasted 00:03:58 (1856 turns).

lyrin the Shooter (Deep Elf Hexslinger)             Turns: 1856, Time: 00:03:59

Health: -5/30      AC: 25    Str:  5    XL:     3   Next: 85%
Magic:  7/7        EV:  2    Int: 17    God:
Gold:   129        SH:  0    Dex: 19    Spells: 4/5 levels left

rFire   . . .        a - +2 sling
rCold   . . .        (no shield)
rNeg    . . .        c - melded +1 robe
rPois   +            (helmet currently unavailable)
rElec   .            (cloak currently unavailable)
rCorr   .            (gloves currently unavailable)
SInv    .            (boots currently unavailable)
Will    .....        (no amulet)
Stlth   ++           h - +4 ring of protection
HPRegen 0.25/turn    (no ring)
MPRegen 0.10/turn

%: no passive effects
@: tree-form
A: stationary, stasis, torment immunity, boosted hp, (horns 1), (teleportitis 1)
a: no special abilities


You were on level 4 of the Dungeon.
You were a tree.
You visited 1 branch of the dungeon, and saw 6 of its levels.

You collected 129 gold pieces.

Inventory:

Hand Weapons
 a - a +2 sling (weapon)
Missiles
 i - 2 poisoned darts
Armour
 c - a +1 robe (melded)
Jewellery
 h - a +4 ring of protection (left branch)
Scrolls
 b - a scroll of poison
 o - 3 scrolls of enchant weapon
Potions
 d - 2 potions of enlightenment
 j - a potion of brilliance
 p - a potion of invisibility


   Skills:
 + Level 1.2 Fighting
 + Level 5.0 Ranged Weapons
 + Level 3.0 Dodging
 - Level 1.5 Spellcasting
 - Level 4.0 Hexes


You had 4 spell levels left.
You knew the following spells:

 Your Spells              Type           Power      Damage    Failure   Level
a - Slow                  Hex            56%        N/A       4%          1

Your spell library contained the following spells:

 Spells                   Type           Power      Damage    Failure   Level
 Inner Flame              Hex/Fire       8%         N/A       26%         3
 Portal Projectile        Hex/Tloc       16%        N/A       26%         3
 Cause Fear               Hex            7%         N/A       36%         4


Dungeon Overview and Level Annotations

Branches:
Dungeon (6/15)
 Temple: D:4-7

Altars:
Xom
Yredelemnul

Annotations:
D:2 1 runed translucent door, Crazy Yiuf
D:5 Edmund, Pikel


Innate Abilities, Weirdness & Mutations

You are a tree.
Your roots penetrate the ground, keeping you stationary.
You cannot be teleported.
You are immune to unholy pain and torment.
Your maximum health is greatly increased.
Your equipment is partially melded.
((You have a pair of small horns on your head.))
((You are occasionally teleported next to monsters.))


Message History

The lemure hits you.
It was a potion of enlightenment.
You feel very buoyant.
You fly up into the air.
The lemure barely misses you.
You shoot a sling bullet.
The sling bullet closely misses the lemure.
The lemure misses you.
You shoot a sling bullet. The sling bullet hits the lemure.
The lemure is heavily wounded.
The lemure hits you. x2
* * * LOW HITPOINT WARNING * * *
You are too injured to fight recklessly!
You are too injured to fight recklessly!
Unknown command.
It was a potion of brilliance.
You feel clever all of a sudden. The lemure hits you but does no damage.
It was a potion of mutation.
You feel extremely strange.
You feel weirdly uncertain. A pair of horns grows on your head!
The lemure barely misses you.
It was a potion of cancellation.
Your magical effects are unravelling.
You feel magically purged.
You float gracefully downwards.
You feel a little less clever now.
Your enlightenment fades.
The lemure hits you.
* * * LOW HITPOINT WARNING * * *
It was a potion of lignification.
You turn into a tree.
Your +1 robe melds into your body.
Your roots penetrate the ground.
The lemure hits you but does no damage.
You are too injured to fight recklessly!
You are too injured to fight recklessly!
You are too injured to fight recklessly!
You are too injured to fight recklessly!
Fire: a) +2 sling
Press: ? - help, Q - select action, (/) - cycle Shift-Dir - straight line, f/p - lemure
Aim: a lemure (heavily wounded, 56% to hit)
You shoot a sling bullet.
The sling bullet barely misses the lemure.
The lemure hits you!
You die...

# ...
####...#
#♣5..#
#+####


You could see a lemure.

Vanquished Creatures
  An adder (D:2)
  2 worms (D:2)
  3 dart slugs
  An orc (D:4)
  An endoplasm (D:1)
  2 giant cockroaches (D:2)
  7 goblins
  4 hobgoblins
  2 kobolds (D:2)
  A quokka (D:2)
  2 ball pythons (D:1)
  7 bats
  3 frilled lizards
  3 rats
39 creatures vanquished.

Notes
Turn   | Place    | Note
-------+----------+-------------------------------------------
     0 | D:1      | lyrin the Deep Elf Hexslinger began the quest for the Orb.
     0 | D:1      | Reached XP level 1. HP: 11/11 MP: 5/5
    52 | D:1      | Reached skill level 3 in Ranged Weapons
   173 | D:1      | Reached XP level 2. HP: 16/16 MP: 6/6
   630 | D:1      | Found a faded altar of an unknown god.
   729 | D:1      | Reached skill level 4 in Ranged Weapons
  1065 | D:2      | Reached skill level 1 in Fighting
  1080 | D:2      | Reached XP level 3. HP: 11/20 MP: 5/7
  1171 | D:2      | Found a basalt altar of Yredelemnul.
  1578 | D:2      | Found a runed translucent door.
  1579 | D:2      | Noticed Crazy Yiuf
  1720 | D:3      | Found a basalt altar of Yredelemnul.
  1720 | D:3      | Found a shimmering altar of Xom.
  1751 | D:3      | You fall into a shaft and drop 3 floors!
  1756 | D:6      | Noticed a scorpion
  1761 | D:5      | Entered Level 5 of the Dungeon
  1761 | D:5      | Noticed Pikel
  1761 | D:5      | Noticed a lemure
  1761 | D:5      | Noticed a lemure
  1761 | D:5      | Noticed a lemure
  1761 | D:5      | Noticed a lemure
  1776 | D:5      | Noticed Edmund
  1820 | D:5      | Noticed a phantom
  1843 | D:4      | Reached skill level 5 in Ranged Weapons
  1853 | D:4      | Gained mutation: You are occasionally teleported next to
                  | monsters. [potion of mutation]
  1853 | D:4      | Gained mutation: You have a pair of small horns on your
                  | head. [potion of mutation]
  1854 | D:4      | HP: 1/20 [lemure[Pikel] (6)]
  1856 | D:4      | Slain by a lemure

Illustrated notes

Levels and vault maps discovered:
D:1:      dpeg_arrival_arbitrary_b, layout_basic,
          hellmonk_ecumenical_altar_prayer_group, moated_statue
D:2:      layout_loops_cross, minmay_hexomino_r4, uniq_crazy_yiuf_cottage
D:3:      layout_rooms, chequers_temple_overflow_statue_of_worship, minivault_25
D:4:      layout_basic, minmay_tree_intersection, kennysheep_generic_room_12,
          uniq_robin
D:5:      minmay_inner_zag, layout_basic, lemuel_coloured_pillars_altar,
          minmay_temple_entry_crystal_x, nicolae_shop_fire_sale
          [nicolae_sub_dead_trees], uniq_edmund, uniq_eustachio, uniq_pikel
D:6:      layout_rooms, nicolae_uskayaw_suspiria

Skill      XL: |  1  2  3 |
---------------+----------+-----
Ranged Weapons | 3 4 5 |  5.0
Fighting       | 1 |  1.2
Dodging        | 3 |  3.0
Spellcasting   | |  1.5
Hexes          | |  4.0

Action                     || total
---------------------------++-------
   Fire: Sling             ||   126
   Cast: Slow              ||     3
    Use: Scroll            ||     6
         Potion            ||     5
 Armour: Robe              ||    20
         Skin              ||     1
  Dodge: Dodged            ||    73

Table legend: (Time is in decaauts)
 A = Elapsed time spent in this place.
 B = Non-inter-level travel time spent in this place.
 C = Inter-level travel time spent in this place.
 D = Time resting spent in this place.
 E = Time spent auto-exploring this place.
 F = Levels seen in this place.
 G = Mean time per level.
                   A        B        C        D        E       F      G
               +--------+--------+--------+--------+--------+-----+--------+
         Total |   1878 |   1755 |    123 |     84 |   1332 |   6 |  313.0 |
       Dungeon |   1878 |   1755 |    123 |     84 |   1332 |   6 |  313.0 |
               +--------+--------+--------+--------+--------+-----+--------+

Top non-repeatable levels by time:
     D:1: 882 daAuts
     D:2: 841 daAuts
     D:5: 75 daAuts
     D:3: 47 daAuts
     D:4: 20 daAuts
     D:6: 9 daAuts
